 Dungeon Crawl Stone Soup version 0.17-a0-1719-g1afd5a1 (webtiles) character file.

15041 kae the Fencer (level 11, -11/92 HPs)
             Began as a Minotaur Fighter on Aug 28, 2015.
             Was a Priest of Qazlal.
             Engulfed by a cloud of freezing vapour (23 damage)
             ... in an ice cave.
             The game lasted 00:19:19 (13110 turns).

kae the Fencer (Minotaur Fighter)                  Turns: 13110, Time: 00:19:19

Health: -11/92     AC: 14    Str: 22    XL:     11   Next: 96%
Magic:  10/10      EV: 10    Int:  7    God:    Qazlal [***...]
Gold:   481        SH:  4    Dex: 14    Spells: 0 memorised, 10 levels left

rFire  + . .     SeeInvis .     r - +1 triple sword (slice)
rCold  . . .     Clarity  .     I - +3 ring mail {rF+}
rNeg   + . .     SustAt   .     (no shield)
rPois  .         Gourm    .     (helmet unavailable)
rElec  .         Spirit   .     j - +0 cloak
rCorr  .         Warding  .     F - +0 pair of gloves
rMut   .         Stasis   .     J - +0 pair of boots
MR     .....                    (no amulet)
Stlth  +.........               H - +4 ring of dexterity
                                g - ring of positive energy

@: not resistant to hostile enchantments, very unstealthy
A: retaliatory headbutt, horns 3
a: Upheaval, Elemental Force, Renounce Religion


You were in an ice cave.
You worshipped Qazlal.
Qazlal was most pleased with you.
You were hungry.

You visited 3 branches of the dungeon, and saw 13 of its levels.
You also visited: Ice Cave.

You collected 554 gold pieces.
You spent 73 gold pieces at shops.

Inventory:

Hand weapons
 a - a +1 long sword
 r - a +1 triple sword of slicing (weapon)
Armour
 j - a +0 cloak (worn)
 F - a +0 pair of gloves (worn)
 I - a +3 ring mail of fire resistance (worn)
 J - a +0 pair of boots (worn)
Jewellery
 b - a +4 ring of protection
 f - an uncursed ring of ice
 g - a ring of positive energy (left hand)
 m - an uncursed amulet of faith
 E - a +3 ring of intelligence
 H - a +4 ring of dexterity (right hand)
Magical devices
 q - a wand of teleportation (1)
Scrolls
 d - 2 scrolls of enchant armour
 e - 2 scrolls of teleportation
 i - 6 scrolls of remove curse
 o - 2 scrolls of enchant weapon
 v - 4 scrolls of fog
 G - a scroll of amnesia
Potions
 c - a potion of curing
 h - a potion of poison {unknown}
 k - a potion of flight
 l - a potion of berserk rage
 p - 2 potions of resistance
 u - a potion of ambrosia
 B - a potion of brilliance
Comestibles
 n - 5 chunks of flesh
 z - 2 bread rations


   Skills:
 - Level 7.0 Fighting
 * Level 19.3 Long Blades
 + Level 8.6 Armour
   Level 3.6 Shields


You had 10 spell levels left.
You didn't know any spells.

Dungeon Overview and Level Annotations

Branches:
Dungeon (11/15)            Temple (1/1) D:6            Lair (1/8) D:10
    Orc: D:9-12

Altars:
Cheibriados
Dithmenos
Elyvilon
Fedhas
Gozag
Kikubaaqudgha
Makhleb
Nemelex Xobeh
Okawaru
Qazlal
Ru
Sif Muna
Trog
Vehumet
Xom
Yredelemnul
Zin
The Shining One

Shops:
D:9 (*!


Innate Abilities, Weirdness & Mutations

You reflexively headbutt those who attack you in melee.
You have a pair of large horns on your head.


Message History

The wolf is severely wounded.
The wolf is struck by lightning.
You kill the wolf!
Qazlal accepts your kill.
You hear an angry growl.
You hear a howl!
You hear a howl!
You hear an angry growl.
You hear a bellow!
You hear a howl!
No target in view!
You start resting.
You are engulfed in freezing vapours.
You are engulfed in freezing vapours.
You are engulfed in freezing vapours.
* * * LOW HITPOINT WARNING * * *
Really walk into that cloud of freezing vapour?
Okay, then.
Unknown command.
You see here a yak corpse.
You butcher the yak corpse.
n - 5 chunks of flesh You are engulfed in freezing vapours.
You die...

##..##
##.##
##..###...#
##......##
#....#..#
##.###.§#
######.#
##§##.##
#§##§§§§.#
#§§§@§§##
#.§#§§####
#§ #§## #
##


There were no monsters in sight!

Vanquished Creatures
  Fannar (D:11)
  Urug (D:10)
  2 unseen horrors (D:10)
  Pikel (D:8)
  3 hill giants
  2 spiny frogs (Lair:1)
  A centaur skeleton (D:10)
  2 trolls
  A polar bear (IceCv)
  Prince Ribbit (D:8)
  A deep elf mage (D:9)
  17 yaks
  Grum (D:9)
  A hungry ghost (D:3)
  A deep elf fighter (D:10)
  4 wolves
  3 hippogriffs
  5 water moccasins
  A black bear (D:9)
  A porcupine (Lair:1)
  2 phantoms
  3 sky beasts
  4 slaves (D:8)
  6 ogres
  2 orc warriors
  A necrophage (D:10)
  The ghost of cmdexe the Skirmisher, an average DsFi of Okawaru (D:3)
  An ice beast (D:8)
  2 crocodiles (Lair:1)
  A centaur (D:8)
  3 big kobolds
  5 scorpions
  6 giant frogs
  2 wyvern skeletons
  3 wights (D:6)
  A giant frog zombie (D:8)
  4 crimson imps
  7 iguanas
  3 orc priests
  5 orc wizards
  5 jellies
  A giant frog skeleton (D:9)
  16 worker ants
  A quasit (D:8)
  Natasha (thrice) (D:4)
  3 hounds
  2 hound skeletons
  A worker ant zombie (D:5)
  6 gnolls
  3 river rats
  16 adders
  12 white imps (D:11)
  2 shadow imps
  An adder zombie (D:10)
  An adder skeleton (D:9)
  4 worms
  2 giant geckos
  19 orcs
  9 giant cockroaches
  7 goblins
  4 hobgoblins
  3 jackals (D:2)
  4 quokkas
  A ball python (D:3)
  12 bats
  A giant gecko skeleton (D:6)
  7 giant newts
  19 kobolds
  A quokka skeleton (D:6)
  13 rats
  6 fungi (D:10)
297 creatures vanquished.

Vanquished Creatures (others)
  2 yaks (IceCv)
  3 wolves (IceCv)
  A scorpion (D:7)
  An iguana (D:7)
  A fungus (D:10)
8 creatures vanquished.

Grand Total: 305 creatures vanquished

Notes
Turn   | Place    | Note
--------------------------------------------------------------
     0 | D:1      | kae the Minotaur Fighter began the quest for the Orb.
     0 | D:1      | Reached XP level 1. HP: 19/19 MP: 0/0
   135 | D:1      | Reached XP level 2. HP: 21/26 MP: 1/1
   598 | D:2      | Reached skill level 4 in Long Blades
   620 | D:2      | Reached XP level 3. HP: 22/31 MP: 2/2
   992 | D:2      | Reached skill level 5 in Long Blades
  1103 | D:2      | Reached XP level 4. HP: 28/39 MP: 3/3
  1339 | D:3      | Noticed a hungry ghost
  1356 | D:3      | Noticed cmdexe's ghost (average DsFi)
  1358 | D:3      | Killed a hungry ghost
  1358 | D:3      | Reached skill level 7 in Long Blades
  1358 | D:3      | Reached XP level 5. HP: 36/45 MP: 4/4
  1636 | D:3      | HP: 1/45 [cmdexe's ghost (9)]
  1642 | D:3      | Killed cmdexe's ghost
  1642 | D:3      | Reached skill level 8 in Long Blades
  1642 | D:3      | Reached XP level 6. HP: 6/51 MP: 5/5
  1912 | D:3      | Found a faded altar to an unknown god.
  2375 | D:4      | Found a glowing silver altar of Zin.
  2383 | D:4      | Noticed Natasha
  2390 | D:4      | Killed Natasha
  2478 | D:4      | Reached skill level 9 in Long Blades
  2555 | D:4      | Noticed Natasha
  2556 | D:4      | Killed Natasha
  2566 | D:4      | Reached XP level 7. HP: 30/57 MP: 6/6
  2810 | D:4      | Noticed Natasha
  2814 | D:4      | Killed Natasha
  2921 | D:5      | Entered Level 5 of the Dungeon
  3086 | D:5      | Found an opulent altar of Gozag.
  3087 | D:5      | Found a sparkling altar of Nemelex Xobeh.
  3088 | D:5      | Found an ancient bone altar of Kikubaaqudgha.
  3185 | D:5      | Reached skill level 10 in Long Blades
  3650 | D:5      | Found a white marble altar of Elyvilon.
  3899 | D:5      | Reached skill level 11 in Long Blades
  4006 | D:5      | Reached XP level 8. HP: 28/64 MP: 7/7
  4313 | D:5      | Found a deep blue altar of Sif Muna.
  4764 | D:6      | Reached skill level 12 in Long Blades
  4869 | D:6      | Gained mutation: You have a pair of large horns on your head. [potion of beneficial mutation]
  5103 | D:6      | Reached skill level 13 in Long Blades
  5243 | D:6      | Found a staircase to the Ecumenical Temple.
  5248 | Temple   | Entered the Ecumenical Temple
  5542 | D:7      | Reached XP level 9. HP: 70/70 MP: 8/8
  5553 | D:7      | Reached skill level 14 in Long Blades
  5881 | D:7      | HP: 3/70 [shadow imp/nerve-wracking pain (11)]
  6308 | D:7      | Found a stormy altar of Qazlal.
  6572 | D:7      | Became a worshipper of Qazlal Stormbringer
  6836 | D:8      | Reached skill level 15 in Long Blades
  7200 | D:8      | Noticed Pikel
  7241 | D:8      | Killed Pikel
  7679 | D:8      | Reached skill level 16 in Long Blades
  7700 | D:8      | Noticed Prince Ribbit
  7728 | D:8      | Killed Prince Ribbit
  7728 | D:8      | Reached XP level 10. HP: 50/77 MP: 9/9
  8065 | D:8      | Acquired Qazlal's first power
  8165 | D:8      | Found a shimmering altar of Xom.
  8350 | D:8      | Identified a scroll of acquirement
  8644 | D:9      | Noticed a hill giant
  8651 | D:9      | Killed a hill giant
  8651 | D:9      | Reached skill level 17 in Long Blades
  8743 | D:9      | Noticed Grum
  8761 | D:9      | Killed Grum
  9213 | D:9      | Found Temivvoj's Antique Weapon Boutique.
  9309 | D:9      | Found Gufoer's Assorted Antiques.
  9343 | D:9      | Found Odwuf's Distillery.
  9372 | D:9      | Bought a potion of degeneration for 13 gold pieces
  9372 | D:9      | Bought a potion of curing for 39 gold pieces
  9376 | D:9      | Bought a scroll labeled OGIUSM ERPHIO for 21 gold pieces
  9378 | D:9      | Found a radiant altar of Vehumet.
  9420 | D:9      | Reached skill level 5 in Armour
  9498 | D:10     | Entered Level 10 of the Dungeon
  9511 | D:10     | Reached skill level 5 in Fighting
  9537 | D:10     | Acquired Qazlal's second power
  9623 | D:10     | Killed an unseen horror
  9934 | D:10     | Reached XP level 11. HP: 85/88 MP: 10/10
 10179 | D:10     | Reached skill level 18 in Long Blades
 10571 | D:10     | Killed an unseen horror
 10857 | D:10     | Found a staircase to the Lair.
 11085 | Lair:1   | Entered Level 1 of the Lair of Beasts
 11090 | Lair:1   | Acquired Qazlal's third power
 11097 | Lair:1   | HP: 1/91 [yak (6)]
 11954 | Lair:1   | Noticed Urug
 12045 | D:10     | Noticed a hill giant
 12046 | D:10     | Killed Urug
 12048 | D:10     | Killed a hill giant
 12094 | Lair:1   | Noticed an eight-headed hydra
 12126 | D:11     | Found a frozen archway.
 12154 | D:11     | Noticed a hill giant
 12320 | D:11     | Killed a hill giant
 12320 | D:11     | Reached skill level 19 in Long Blades
 12497 | D:11     | Noticed Fannar
 12776 | D:11     | Killed Fannar
 12790 | IceCv    | Entered an ice cave
 13110 | IceCv    | Engulfed by a cloud of freezing vapour

Vault maps used:
D:1:      mrwooster_arrival_arrow
D:3:      nicolae_overflow_hidden_temple, ecumenical_altar_2
D:4:      zin_academy, uniq_natasha
D:5:      lemuel_coloured_pillars_altar, grunt_temple_overflow_open,
          basic_altar, first_bread
D:6:      minmay_temple_entry_nine_rooms
D:7:      nicolae_qazlal_eye_of_the_storm
D:8:      kennysheep_little_box, serial_co_window_serial,
          co_window_of_opportunity_a, co_window_paths_a, co_window_paths_a,
          co_window_of_opportunity_a, co_window_paths_b,
          co_window_unsneaky_path_b, co_window_broadway_c, co_window_corner_b,
          co_window_of_opportunity_b, co_window_broadway_b, co_window_sun,
          glass_columns_c, glass_columns_b, glass_columns_b, glass_columns_a,
          uniq_pikel, uniq_prince_ribbit1
D:9:      lemuel_round_altar, serial_shops, shop, nicolae_shop_trees,
          nicolae_shop_stone, uniq_grum
D:10:     grunt_lair_entry_elf_guard_hut
D:11:     hangedman_cross_veins, orc_0_dummy, portal_ice_cave_entry_imps,
          serial_shops, shop, uniq_fannar
Temple:   chambers_temple_10
Lair:1:   nicolae_quartered_pool_medium, st_stairs_6, serial_bayou_shore_a,
          uniq_urug
IceCv:    ice_cave_caverns_03

Action                   |  1- 3 |  4- 6 |  7- 9 | 10-12 || total
-------------------------+-------+-------+-------+-------++-------
Melee: Long sword        |    72 |   130 |   470 |    40 ||   712
       Triple sword      |       |       |       |   283 ||   283
  Use: Scroll            |       |     8 |     8 |     9 ||    25
       Potion            |       |     4 |     6 |     3 ||    13
 Stab: Distracted        |       |       |     1 |       ||     1
  Eat: Chunk             |       |     3 |    13 |    17 ||    33
       Fruit             |       |     2 |     1 |       ||     3
       Beef jerky        |       |     1 |       |       ||     1
       Bread ration      |       |       |     1 |       ||     1
